 Dungeon Sprint DCSS version 0.31-a0-325-g067879e3d3 (webtiles) character file.

Game seed: 3705445682334154584

64 Conn the Firebug (level 4, -4/27 HPs)
             Began as an Octopode Fire Elementalist on July 18, 2023.
             Slain by a human (10 damage)
             ... in the Dungeon (Sprint III: "The Ten Rune Challenge").
             The game lasted 00:00:59 (118 turns).

Conn the Firebug (Octopode Fire Elementalist)        Turns: 118, Time: 00:01:00

Health: -4/27      AC:  1    Str:  7    XL:     4   Next: 12%
Magic:  0/9        EV: 13    Int: 19    God:
Gold:   10         SH:  0    Dex: 12    Spells: 9/10 levels left

rFire   . . .        (no weapon)
rCold   . . .        (no shield)
rNeg    . . .        (helmet restricted)
rPois   .            (no amulet)
rElec   .            (no ring)
rCorr   .            (no ring)
SInv    .            (no ring)
Will    .....        (no ring)
Stlth   +++          (no ring)
HPRegen 0.24/turn    (no ring)
MPRegen 0.11/turn    (no ring)
                     (no ring)

%: no teleportation
@: on berserk cooldown, slowed, very slow
A: almost no armour, amphibious, 8 rings, camouflage 1, gelatinous body 1,
(nimble swimmer 1), tentacles
a: no special abilities


You were in the Dungeon.
You visited 1 branch You collected 10 gold pieces.

Inventory:

Scrolls
 f - a scroll of blinking
 g - a scroll of fog {unknown}
Potions
 a - 3 potions of magic
 c - a potion of heal wounds
 d - a potion of haste


   Skills:
 + Level 3.1 Dodging
 + Level 4.0 Stealth
 + Level 0.2 Unarmed Combat
 + Level 3.6 Spellcasting
 + Level 1.5 Conjurations
 + Level 6.5 Fire Magic


You had 9 spell levels left.
You knew the following spells:

 Your Spells              Type           Power      Damage    Failure   Level
a - Foxfire               Conj/Fire      72%        2x1d7     2%          1

Your spell library contained the following spells:

 Spells                   Type           Power      Damage    Failure   Level
 Scorch                   Fire           56%        2d7       1%          2
 Inner Flame              Hex/Fire       15%        N/A       11%         3
 Volatile Blastmotes      Fire/Tloc      30%        2d12      11%         3
 Flame Wave               Conj/Fire      18%        2d7       26%         4


Dungeon Overview and Level Annotations

Branches:
Dungeon (1/1)

Altars:


Innate Abilities, Weirdness & Mutations

You cannot wear most types of armour.
You are amphibious.
You can wear up to eight rings at the same time.
Your skin changes colour to match your surroundings (Stealth+).
Your rubbery body absorbs attacks. (AC +1, EV +1)
((You are camouflaged when in or above water. (Stealth+)))
You have tentacles for arms and can constrict up to eight enemies at once.


Message History

You feel your anger nearly subside.
You are no longer berserk.
You are exhausted.
You feel yourself slow down.
* * * LOW HITPOINT WARNING * * *
You feel sick.
You see here a rat corpse.
You feel better.
Casting: Foxfire (safe; 2% risk of failure)
Confirm with . or Enter, or press ? or * to list all spells.
You conjure some foxfire!
The human barely misses you. The human closely misses you.
Unknown command.
Casting: Foxfire (safe; 2% risk of failure)
Confirm with . or Enter, or press ? or * to list all spells.
You conjure some foxfire!
The human hits you.
Unknown command.
You tentacle-slap the human but do no damage.
You grab the human.
You squeeze the human, but do no damage.
You constrict the human.
The foxfire hits the human!
The human is moderately wounded.
The foxfire hits the human.
The human is moderately wounded.
The foxfire hits the human.
The human is moderately wounded.
The human hits you. The human closely misses you.
Casting: Foxfire (safe; 2% risk of failure)
Confirm with . or Enter, or press ? or * to list all spells.
You conjure some foxfire!
You constrict the human. The human hits you!
* * * LOW HITPOINT WARNING * * *
Unknown command.
You tentacle-slap the human but do no damage.
You squeeze the human.
The human is heavily wounded.
You constrict the human.
The foxfire hits the human.
The human is severely wounded.
The foxfire hits the human but does no damage.
The human is severely wounded.
The human hits you!
You die...

▓▓▓▓▓▓▓▓▓
▓<..#...####
▓...#......##
▓..##.......# .#
▓##.##.##..†# .#
##.##.###..# ..#
▓#.####.##§§# ...+
▓.###..##.@##
#...# ▓#.....##.p#
#....#
###..##...##.....#
##..##....#†.....#
#..###..##.#.....#
#..# #..#####....#
▓▓▓▓ ▓▓▓▓ ▓▓▓▓▓


You could see a human.

Vanquished Creatures
  A scorpion (D)
  An endoplasm (D)
  3 rats (D)
5 creatures vanquished.

Vanquished Creatures (others)
  15 foxfires (D)
15 creatures vanquished.

Grand Total: 20 creatures vanquished

Notes
Turn   | Place    | Note
-------+----------+-------------------------------------------
     0 | D        | Conn the Octopode Fire Elementalist began the quest for the
                  | Orb.
     0 | D        | Reached XP level 1. HP: 11/11 MP: 3/3
    81 | D        | Reached skill level 4 in Fire Magic
   102 | D        | Noticed a scorpion
   108 | D        | Killed a scorpion
   109 | D        | Reached skill level 6 in Fire Magic
   109 | D        | Reached XP level 2. HP: 7/17 MP: 2/6
   109 | D        | Reached XP level 3. HP: 9/21 MP: 2/8
   109 | D        | Reached XP level 4. HP: 12/27 MP: 2/9
   118 | D        | Slain by a human

Illustrated notes

Levels and vault maps discovered:
D:        dungeon_sprint_mu [sprint_mu_entry_cave, sprint_mu_temple_rooms,
          sprint_mu_d1_spiders, sprint_mu_d2_genie, sprint_mu_d3_branching,
          sprint_mu_orc_legion, sprint_mu_elf_gauntlet, sprint_mu_hive_nellie,
          sprint_mu_lair_fedhas, sprint_mu_vaults_butterflies,
          sprint_mu_slime_circle, sprint_mu_shoals_archi,
          sprint_mu_snake_twists, sprint_mu_blade_basic,
          sprint_mu_crypt_chambers, sprint_mu_tomb_spiral,
          sprint_mu_vestibule_basic, sprint_mu_gehenna_hellfire,
          sprint_mu_dis_giant, sprint_mu_tartarus_statrot,
          sprint_mu_cocytus_islands, sprint_mu_zot1]

Skill      XL: |  1 |
---------------+----+-----
Fire Magic     | 6 |  6.5
Dodging        | 3 |  3.1
Stealth        | 4 |  4.0
Spellcasting   | 3 |  3.6
Unarmed Combat | |  0.2
Conjurations   | |  1.5

Action                     |  1- 3 |  4- 6 || total
---------------------------+-------+-------++-------
  Melee: Unarmed           |     2 |     2 ||     4
         Tentacles         |     1 |     2 ||     3
         Constrict         |     1 |     1 ||     2
         Punch             |     1 |       ||     1
   Cast: Foxfire           |     5 |     3 ||     8
    Use: Potion            |     1 |     1 ||     2
  Dodge: Dodged            |       |     3 ||     3

Table legend: (Time is in decaauts)
 A = Elapsed time spent in this place.
 B = Non-inter-level travel time spent in this place.
 C = Inter-level travel time spent in this place.
 D = Time resting spent in this place.
 E = Time spent auto-exploring this place.
 F = Levels seen in this place.
 G = Mean time per level.
                   A        B        C        D        E       F      G
               +--------+--------+--------+--------+--------+-----+--------+
         Total |    118 |    118 |      0 |     52 |      0 |   1 |  118.0 |
       Dungeon |    118 |    118 |      0 |     52 |      0 |   1 |  118.0 |
               +--------+--------+--------+--------+--------+-----+--------+

Top non-repeatable levels by time:
       D: 118 daAuts
